 Dungeon Crawl Stone Soup version 0.17-a0-1802-g9847487 (webtiles) character file.

465 Kaesh the Shield-Bearer (level 7, -1/55 HPs)
             Began as a Formicid Fighter on Sept 11, 2015.
             Slain by a centaur
             ... wielding a +0 flail
              (10 damage)
             ... on level 4 of the Dungeon.
             The game lasted 00:12:27 (3379 turns).

Kaesh the Shield-Bearer (Formicid Fighter)          Turns: 3379, Time: 00:12:27

Health: -1/55      AC:  7    Str: 24    XL:     7   Next: 29%
Magic:  7/7        EV:  9    Int:  8    God:
Gold:   174        SH: 11    Dex: 10    Spells: 0 memorised, 6 levels left

rFire  + . .     SeeInvis +     p - +0 battleaxe
rCold  . . .     Clarity  .     b - +0 scale mail
rNeg   . . .     SustAt   +     c - +1 shield
rPois  .         Gourm    .     (helmet unavailable)
rElec  +         Spirit   .     (no cloak)
rCorr  .         Warding  .     (no gloves)
rMut   .         Stasis   +     (no boots)
MR     .....                    (no amulet)
Stlth  ..........               n - ring of sustain attributes
                                r - ring of protection from fire

@: not resistant to hostile enchantments, extremely unstealthy
A: permanent stasis, dig shafts and tunnels, four strong arms, antennae 3,
electricity resistance, strong 1
a: Dig, Shaft Self


You were on level 4 of the Dungeon.
You were hungry.

You visited 1 branch of the dungeon, and saw 4 of its levels.

You collected 174 gold pieces.

Inventory:

Hand weapons
 a - a +0 war axe
 p - a +0 battleaxe (weapon)
Armour
 b - a +0 scale mail (worn)
 c - a +1 shield (worn)
Jewellery
 f - an uncursed ring of ice
 n - a ring of sustain attributes (right hand)
 r - a ring of protection from fire (left hand)
 s - a +3 ring of intelligence {unknown}
Scrolls
 h - 2 scrolls of amnesia {unknown}
 l - a scroll of identify
 m - a scroll of enchant armour
 q - a scroll of magic mapping
 t - a scroll of fog
Potions
 d - 2 potions of might
 i - a potion of lignification
 j - 2 potions of agility
 k - a potion of curing
Comestibles
 e - 4 bread rations
 g - 3 meat rations
 o - a beef jerky


   Skills:
 + Level 4.6 Fighting
 + Level 3.5 Axes
 + Level 5.0 Armour
 + Level 2.4 Dodging
 + Level 5.4 Shields


You had 6 spell levels left.
You didn't know any spells.

Dungeon Overview and Level Annotations

Branches:
Dungeon (4/15)
 Temple: D:4-7

Altars:
Ashenzari
Sif Muna


Innate Abilities, Weirdness & Mutations

You are under a permanent stasis effect.
You can dig through walls and to a lower floor.
Your four strong arms can wield two-handed weapons with a shield.
You have a pair of large antennae on your head (SInv).
You are resistant to electric shocks.
Your muscles are strong. (Str +2)


Message History

You see here an arrow.
You slash the centaur!
The centaur is severely wounded.
The centaur unwields an uncursed shortbow.
The centaur wields an uncursed flail.
The centaur hits you but does no damage.
The centaur hits you with an uncursed flail.
You hit the centaur.
The centaur is severely wounded.
The centaur closely misses you.
You closely miss the centaur.
The centaur is severely wounded.
The centaur hits you with an uncursed flail.
The centaur completely misses you.
The centaur hits you with an uncursed flail!
* * * LOW HITPOINT WARNING * * *
You hit the centaur but do no damage.
The centaur is severely wounded.
The centaur hits you with an uncursed flail!
You die...

..##########.#.## #.<........?..
..# #.#..# #............. ..#
#.##.## #..#.#([...(.. ..#
#.##..###..#.#........
..##########..........#.#........
..............##(##...#.#........
..............##(##...#.#........
..............##(##...#.#####.###
##..............@##...........###
#..............c.#.......######.
#.................)..#..........
##............###.#####.#........
..........................#......
..............###..####.#.#.#####
..............# ##.## #)#.#.#....
.......######## #..# #.#)..#.###
.......# ##)# #.....#....


You could see a centaur.

Vanquished Creatures
  2 phantoms (D:4)
  Terence (D:2)
  Natasha (thrice) (D:2)
  A hound skeleton (D:4)
  Robin (D:4)
  4 gnolls (D:4)
  5 adders
  An ooze (D:2)
  2 worms
  3 giant geckos
  2 orcs (D:3)
  4 giant cockroaches
  11 hobgoblins
  18 jackals
  9 kobolds
  4 ball pythons
  10 bats
  6 giant newts
  17 goblins
  3 quokkas
  A quokka skeleton (D:4)
  10 rats
118 creatures vanquished.

Notes
Turn   | Place    | Note
--------------------------------------------------------------
     0 | D:1      | Kaesh the Formicid Fighter began the quest for the Orb.
     0 | D:1      | Reached XP level 1. HP: 18/18 MP: 1/1
   100 | D:1      | Reached XP level 2. HP: 24/24 MP: 2/2
   543 | D:1      | Reached XP level 3. HP: 29/29 MP: 3/3
   828 | D:2      | Found a shattered altar of Ashenzari.
   903 | D:2      | Reached skill level 4 in Shields
   937 | D:2      | Reached skill level 1 in Dodging
   937 | D:2      | Reached XP level 4. HP: 37/37 MP: 4/4
   942 | D:2      | Noticed Natasha
   971 | D:2      | Killed Natasha
  1198 | D:2      | Noticed Natasha
  1207 | D:2      | Killed Natasha
  1207 | D:2      | Reached XP level 5. HP: 14/42 MP: 5/5
  1428 | D:2      | Noticed Natasha
  1430 | D:2      | Killed Natasha
  1440 | D:2      | Gained mutation: Your muscles are strong. (Str +2) [potion of mutation]
  1440 | D:2      | Gained mutation: You are resistant to electric shocks. [potion of mutation]
  1587 | D:2      | Noticed Terence
  1605 | D:2      | Killed Terence
  1750 | D:3      | Found a deep blue altar of Sif Muna.
  2183 | D:3      | Reached XP level 6. HP: 38/48 MP: 6/6
  2732 | D:4      | Reached skill level 5 in Shields
  2807 | D:4      | Noticed Robin
  2841 | D:4      | Killed Robin
  2841 | D:4      | Reached XP level 7. HP: 19/55 MP: 7/7
  3238 | D:4      | Reached skill level 5 in Armour
  3379 | D:4      | Slain by a centaur

Vault maps used:
D:1:      evilmike_arrival_plus, serial_glass, glass_columns_a, glass_columns_b,
          glass_columns_a, glass_columns_a, glass_columns_b, minmay_crystal_room
D:2:      ashenzari_conservatory_becter, uniq_terence, uniq_natasha
D:3:      nicolae_overflow_crystal_walls
D:4:      first_bread, uniq_robin

Action                   |  1- 3 |  4- 6 |  7- 9 || total
-------------------------+-------+-------+-------++-------
Melee: War axe           |    84 |    92 |       ||   176
       Battleaxe         |       |   165 |    33 ||   198
  Use: Scroll            |     6 |     2 |     1 ||     9
       Potion            |     2 |     2 |       ||     4
  Eat: Chunk             |       |     7 |     1 ||     8
